 Dungeon Crawl Stone Soup version 0.21-a0-283-g622b906 (webtiles) character file.

15 4thArraOfDagon the Skirmisher (level 2, 0/36 HPs)
             Began as a Demonspawn Berserker on Sept 24, 2017.
             Was a Follower of Trog.
             Slain by a jackal (1 damage)
             ... on level 1 of the Dungeon.
             The game lasted 00:00:47 (113 turns).

4thArraOfDagon the Skirmisher (Demonspawn Berserker) Turns: 113, Time: 00:00:47

Health: 0/36       AC:  2    Str: 22    XL:     2   Next: 34%
Magic:  0/2        EV: 12    Int:  8    God:    Trog [*.....]
Gold:   19         SH:  0    Dex: 12    Spells: 1/1 levels left

rFire    . . .     SeeInvis .   a - +0 hand axe
rCold    . . .     Gourm    .   (no shield)
rNeg     . . .     Faith    .   b - +0 animal skin
rPois    .         Spirit   +   (no helmet)
rElec    .         Reflect  .   (no cloak)
rCorr    .         Harm     .   (no gloves)
MR       .....                  (no boots)
Stlth    ..........             e - amulet of guardian spirit
HPRegen  0.12/turn              (no ring)
MPRegen  0.08/turn              (no ring)

@: berserking, very quick
A: magic shield
a: Berserk, Burn Spellbooks, Renounce Religion


You were on level 1 of the Dungeon.
You worshipped Trog.
Trog was aware of your devotion.
You were not hungry.

You visited 1 branch of the dungeon, and saw 1 of its levels.

You collected 19 gold pieces.

Inventory:

Hand Weapons
 a - a +0 hand axe (weapon)
Armour
 b - a +0 animal skin (worn)
Jewellery
 e - an amulet of guardian spirit (around neck)
Scrolls
 f - 2 scrolls of enchant armour {unknown}
Potions
 d - a potion of agility {unknown}
 g - a potion of brilliance {unknown}
Comestibles
 c - a bread ration


   Skills:
 - Level 3.0 Fighting
 * Level 3.0 Axes
 + Level 2.1 Armour
 + Level 2.0 Dodging


You had one spell level left.
You didn't know any spells.

Dungeon Overview and Level Annotations

Branches:
Dungeon (1/15)

Altars:


Innate Abilities, Weirdness & Mutations

When hurt, damage is shared between your health and your magic reserves.


Message History

The jackal bites you.
* * * LOW HITPOINT WARNING * * *
The jackal barely misses you.
The frilled lizard bites you but does no damage.
Unknown command.
You barely miss the jackal. You closely miss the jackal. You hit the jackal.
You kill the jackal!
Trog accepts your kill.
You miss the frilled lizard. The jackal bites you.
* * * LOW HITPOINT WARNING * * *
The jackal barely misses you.
Unknown command.
Unknown command.
Unknown command.
You barely miss the jackal. You hit the jackal.
You kill the jackal!
Trog accepts your kill.
You miss the frilled lizard. The frilled lizard barely misses you.
The jackal bites you.
You die...

.! ..# .# . ... ..# [.
#. .. #.# ## ###. #.. #.
#.# ... #...
.".##.##.##.. #.#.
........... ##...
#...#.# ###...?
..####h†..########......
......l@†...............
######.##.....###.......
#. #...#........... #.
#.#.#.....##≈≈≈≈ ##
#.#.......##♣≈≈≈
#.#.......###≈≈♣
#.#)#.##..#<##≈#
#.#...##..#...≈.
#..###..#.##≈#


You could see a jackal and a frilled lizard.

Vanquished Creatures
  A giant cockroach (D:1)
  2 goblins (D:1)
  A hobgoblin (D:1)
  5 jackals (D:1)
  A kobold (D:1)
  A bat (D:1)
  A rat (D:1)
12 creatures vanquished.

Notes
Turn   | Place    | Note
-------+----------+-------------------------------------------
     0 | D:1      | 4thArraOfDagon the Demonspawn Berserker began the quest for the Orb.
     0 | D:1      | Reached XP level 1. HP: 18/18 MP: 1/1
    48 | D:1      | Gained mutation: When hurt, damage is shared between your health and your magic reserves. [demonic ancestry]
    48 | D:1      | Reached XP level 2. HP: 17/24 MP: 2/2
   112 | D:1      | HP: 1/36 [jackal (1)]
   113 | D:1      | Slain by a jackal

Vault maps used:
D:1:      sevenhm_arrival_forest_fort_small_4, serial_bayou_crossing

Skill      XL: |  1  2 |
---------------+-------+-----
Armour         | 2 |  2.1
Dodging        | 2 |  2.0
Axes           | 3 |  3.0
Fighting       | |  3.0

Action                   || total
-------------------------++-------
Melee: Hand axe          ||    33
Invok: Berserk           ||     2
Armor: Animal skin       ||     7
Dodge: Dodged            ||    33

Table legend:
 A = Spawn XP
 B = Non-spawn XP
 C = Spawn XP percentage of total XP
 D = Spawn monster count
 E = Non-spawn monster count
 F = Spawn count percentage of total count
 G = Total turns spent on level
                    A         B        C        D         E        F      G
               +---------+---------+-------+---------+---------+-------+---------
         Total |       0 |      22 |   0.0 |       0 |      12 |   0.0 |   113
               +---------+---------+-------+---------+---------+-------+---------
           D:1 |       0 |      22 |   0.0 |       0 |      12 |   0.0 |   113
               +---------+---------+-------+---------+---------+-------+---------
